 Dungeon Crawl Stone Soup version 0.17.1-1-g73c8601 (webtiles) character file.

127538 dvd the Bewitcher (level 16, -9/110 HPs)
             Began as a Vampire Enchanter on Dec 10, 2015.
             Was the Champion of Dithmenos.
             Mangled by a four-headed hydra (12 damage)
             ... on level 3 of the Swamp on Dec 13, 2015.
             The game lasted 04:38:33 (41619 turns).

dvd the Bewitcher (Vampire Enchanter)              Turns: 41619, Time: 04:38:34

Health: -9/110     AC: 21    Str: 16    XL:     16   Next: 46%
Magic:  15/43      EV: 16    Int: 25    God:    Dithmenos [******]
Gold:   2586       SH:  0    Dex: 12    Spells: 12 memorised, 3 levels left

rFire  + . .     SeeInvis +     a - +9 short sword (speed)
rCold  + . .     Clarity  .     v - +2 robe of Eternal Vigilance {rElec Dex-5 Slay+6 SInv}
rNeg   + + .     SustAt   .     (no shield)
rPois  +         Gourm    .     n - +2 helmet {Int+3}
rElec  +         Spirit   .     Y - +2 cloak
rCorr  .         Warding  .     j - +2 pair of gloves {Str+3}
rMut   .         Stasis   .     R - +2 pair of boots {Stlth+}
MR     ++...                    m - amulet of faith
Stlth  ++++++++++               r - ring of magical power
                                J - +6 ring of strength

@: regenerating slowly, wreathed by umbra, studying Ice Magic, very resistant to
hostile enchantments, uncannily stealthy
A: fangs 3, icy blue scales 1, iridescent scales 1, see invisible, fire
resistance 1, magic resistance 1, mutation resistance 1, unbreathing
a: Bat Form, Shadow Step, Shadow Form, Renounce Religion


You were on level 3 of the Swamp.
You worshipped Dithmenos.
Dithmenos was exalted by your worship.
You were very thirsty.

You visited 5 branches of the dungeon, and saw 32 of its levels.
You visited 1 bazaar.
You also visited: Ossuary, Bailey, Ice Cave and Volcano.

You collected 3922 gold pieces.
You spent 1336 gold pieces at shops.

Inventory:

Hand Weapons
 a - a +9 short sword of speed (weapon)
 k - the +10 blowgun of the Exiled Wishes {speed, rElec rF+}
   (You found it on level 1 of the Lair of Beasts)

   Attacks with this weapon are significantly faster.
   It protects you from fire.
   It insulates you from electricity.
 C - a +2 scimitar of electrocution
 L - a +5 triple sword of freezing
Missiles
 D - 74 tomahawks of returning (quivered)
Armour
 e - the +4 leather armour "Nyasuen" {Str+4}
   (You found it on level 5 of the Lair of Beasts)

   It affects your strength (+4).
 j - a +2 pair of gloves of strength (worn)
 n - a +2 helmet of intelligence (worn)
 v - the +2 robe of Eternal Vigilance (worn) {rElec Dex-5 Slay+6 SInv}
   (You bought it in a shop on level 1 of the Orcish Mines)

   It affects your dexterity (-5).
   It affects your accuracy and damage with ranged weapons and melee attacks
   (+6).
   It insulates you from electricity.
   It lets you see invisible.
 w - the +1 robe of Qishrili {MR+ rCorr}
   (You found it on level 3 of the Lair of Beasts)

   It affects your resistance to hostile enchantments.
   It protects you from acid and corrosion.
 E - a +4 ring mail of fire resistance
 K - a +2 robe of cold resistance
 Q - a +2 hat of cold resistance
 R - a +2 pair of boots of stealth (worn)
 V - a +2 robe of fire resistance
 Y - a +2 cloak (worn)
Jewellery
 b - an uncursed ring of protection from fire
 m - an amulet of faith (around neck)
 r - a ring of magical power (right hand)
 J - a +6 ring of strength (left hand)
 U - an uncursed ring of ice
Wands
 c - a wand of digging (5)
 t - a wand of slowing (45)
 x - a wand of disintegration (15)
 H - a wand of heal wounds (9)
 P - a wand of paralysis (17)
Scrolls
 f - 2 scrolls of fear
 g - 4 scrolls of teleportation
 h - 9 scrolls of identify
 o - 11 scrolls of remove curse
 p - 5 scrolls of recharging
 q - 4 scrolls of amnesia
 s - 3 scrolls of fog
 y - 2 scrolls of enchant armour
 Z - 2 scrolls of magic mapping
Potions
 i - 2 potions of cure mutation
 l - 5 potions of resistance
 u - 5 potions of curing
 A - a potion of cancellation
 B - a potion of agility
 F - 2 potions of haste
 G - 3 potions of magic
 I - a potion of might
 N - a potion of heal wounds
 S - 4 potions of blood
 W - 2 potions of ambrosia
 X - 2 potions of brilliance
Books
 d - a book of Unlife

   Spells                             Type                      Level
   a - Recall                         Summoning/Translocation      3
   b - Animate Dead                   Necromancy                   4
   c - Control Undead                 Necromancy                   4
   d - Cigotuvi's Embrace             Necromancy                   5
   e - Death Channel                  Necromancy                   6
   f - Simulacrum                     Ice/Necromancy               6
 M - Niufuc's Disquisition on Vitriolic Translocation
   (You found it on level 1 of the Swamp)

   Spells                             Type                      Level
   a - Shroud of Golubria             Charms/Translocation         2
   b - Cure Poison                    Poison                       2
   c - Recall                         Summoning/Translocation      3
   d - Passage of Golubria            Translocation                4
   e - Venom Bolt                     Conjuration/Poison           5
 O - a manual of Ice Magic
 T - a book of Beasts

   Spells                             Type                      Level
   a - Summon Butterflies             Summoning                    1
   b - Call Canine Familiar           Summoning                    3
   c - Summon Ice Beast               Ice/Summoning                4
   d - Summon Mana Viper              Hexes/Summoning              5
   e - Summon Hydra                   Summoning                    7


   Skills:
 + Level 5.4 Fighting
 * Level 9.1 Short Blades
 + Level 0.4 Armour
 + Level 8.2 Dodging
 + Level 18.4 Stealth
 * Level 14.3 Spellcasting
 * Level 19.0 Hexes
 + Level 0.2 Charms
 * Level 7.3 Summonings
 * Level 7.2 Necromancy
 + Level 0.1 Translocations
 * Level 11.1 Ice Magic
 + Level 1.1 Invocations
 + Level 0.5 Evocations


You had 3 spell levels left.
You knew the following spells:

 Your Spells              Type           Power        Failure   Level  Hunger
a - Tukima's Dance        Hex            #######.     0%          3    None
b - Ensorcelled Hibernat  Hex/Ice        ######       0%          2    None
c - Confuse               Hex            #######.     0%          3    None
d - Summon Mana Viper     Hex/Summ       ######..     1%          5    ##.....
e - Animate Dead          Necr           N/A          1%          4    None
f - Call Canine Familiar  Summ           ######..     1%          3    None
g - Summon Ice Beast      Ice/Summ       ######..     1%          4    None
h - Cause Fear            Hex            #######...   0%          4    None
i - Cigotuvi's Embrace    Necr           ######....   6%          5    ##.....
j - Recall                Summ/Tloc      N/A          1%          3    None
k - Cure Poison           Pois           ###.......   6%          2    None
l - Shroud of Golubria    Chrm/Tloc      ###.......   6%          2    None


Dungeon Overview and Level Annotations

Branches:
Dungeon (15/15)            Temple (1/1) D:4            Lair (8/8) D:10
  Swamp (4/4) Lair:5       Spider (0/4) Lair:5        Slime (0/6) Lair:7
    Orc (4/4) D:9             Elf (0/3) Orc:4        Vaults (0/5) D:13
 Depths (0/5) D:15

Altars:
Ashenzari
Cheibriados
Dithmenos
Elyvilon
Fedhas
Gozag
Kikubaaqudgha
Makhleb
Nemelex Xobeh
Okawaru
Qazlal
Ru
Sif Muna
Trog
Vehumet
Xom
Yredelemnul
Zin
The Shining One
Beogh
Jiyva

Shops:
D:15 ?   Orc:1 *   Orc:4 ([*:


Innate Abilities, Weirdness & Mutations

You heal slowly.
You have razor-sharp teeth.
You have supernaturally acute eyesight.
You can survive without breathing.
You are partially covered in icy blue scales (AC +1).
You are partially covered in iridescent scales (AC +4).
Your flesh is heat resistant.
You are resistant to hostile enchantments.
You are somewhat resistant to further mutation.


Message History

The eight-headed hydra bites you but does no damage.
The eight-headed hydra bites you.
The four-headed hydra bites you but does no damage.
The four-headed hydra bites you!
* * * LOW HITPOINT WARNING * * *
The four-headed hydra bites you.
* * * LOW HITPOINT WARNING * * *
The four-headed hydra barely misses you.
The swamp drake breathes noxious fumes at you.
The noxious blast engulfs the four-headed hydra.
You climb upwards.
There is a stone staircase leading down here.
Unknown command.
The four-headed hydra bites you!
* * * LOW HITPOINT WARNING * * *
The four-headed hydra bites you!
* * * LOW HITPOINT WARNING * * *
The four-headed hydra bites you but does no damage.
The four-headed hydra bites you!
You die...

♣...≈≈..♣≈≈.....♣..≈..♣
♣♣.♣.≈.♣♣..P♣P..♣♣.≈...
♣...≈.≈.♣..♣♣♣..♣.≈.≈≈.
♣♣...≈.♣♣..P♣P..♣♣.≈≈.≈
♣♣♣♣≈..♣[......♣..≈≈..
♣≈.♣.♣.....♣.♣.≈≈≈.
♣.≈...♣♣♣♣♣...≈...≈
♣♣.≈.♣.♣.♣.♣.≈.≈≈≈≈
♣@.≈...≈...≈.≈≈≈≈§
♣♣♣DD.≈≈≈.≈≈≈.≈≈≈§≈.
♣♣...≈.....♣♣♣.≈≈≈≈≈.
♣..§....≈.♣♣≈.≈≈≈≈≈≈.
♣≈.≈≈♣♣≈≈≈.≈≈.≈.≈≈≈≈.
♣♣≈≈≈≈♣♣.≈≈♣♣...≈≈≈..
♣≈...§..≈.≈≈≈...♣..♣
♣♣..≈≈...≈≈...≈....≈
♣♣..≈≈.≈.≈≈≈≈..≈≈...≈


You could see an eight-headed hydra and a four-headed hydra.

Vanquished Creatures
  A tentacled monstrosity (Swamp:4)
  A thorn hunter (Swamp:2)
  An orc warlord (Orc:4)
  Nessos (D:14)
  14 hydras
  Erolcha (D:12)
  A ghost crab (Swamp:2)
  3 centaur warriors
  2 death yaks (Lair:6)
  3 alligators
  Urug (Lair:4)
  An orc high priest (Orc:4)
  Sonja (D:14)
  A deep elf knight (D:15)
  3 spriggans
  A giant orange brain (D:11)
  A skeletal warrior (D:13)
  A deep troll (D:15)
  4 swamp dragons
  An unseen horror (D:13)
  2 shambling mangroves
  6 orc knights
  A lindwurm (Volcano)
  4 hill giants
  4 orc sorcerers (Orc:4)
  2 hornets
  A necromancer (IceCv)
  A hornet (shapeshifter) (D:15)
  16 ugly things
  3 griffons
  An elephant (Lair:5)
  A manticore (D:12)
  The ghost of dorian the Destroyer, a novice OpCj (D:6)
  The ghost of Miyamura the Conjurer, a novice DrCj of Sif Muna (D:5)
  4 cyclopes
  A molten gargoyle (Volcano)
  6 black mambas
  An ice statue (IceCv)
  6 centaur skeletons
  5 gargoyles
  25 spiny frogs
  11 komodo dragons
  An efreet (D:15)
  10 freezing wraiths (IceCv)
  A tengu conjurer (D:10)
  5 fire drakes
  A troll (shapeshifter) (D:15)
  A deep elf priest (D:15)
  6 trolls
  Grinder (D:3)
  A wolf spider simulacrum (IceCv)
  Prince Ribbit (D:5)
  7 bog bodies
  A two-headed ogre (Orc:4)
  16 slime creatures
  2 wyverns
  13 blink frogs
  4 giant leeches
  2 trapdoor spiders (Lair:5)
  28 yaks
  Sigmund (D:2)
  3 deep elf magi
  A shadow (Swamp:4)
  2 water elementals (D:13)
  15 humans (D:13)
  3 wraiths
  15 hippogriffs
  3 basilisks
  5 fire elementals (Volcano)
  A mottled dragon (D:11)
  A steam dragon (Lair:5)
  6 hungry ghosts
  17 vampire mosquitoes
  13 wolves
  10 insubstantial wisps
  3 wargs
  A death yak simulacrum (IceCv)
  10 porcupines
  15 swamp worms
  12 swamp drakes
  19 water moccasins
  18 orc warriors
  8 sky beasts
  7 ice beasts
  4 wasps
  A necrophage (D:10)
  2 eyes of draining
  5 ogres
  13 crocodiles
  A phantom (D:3)
  6 centaurs
  3 big kobolds
  26 giant frogs
  5 brain worms
  A wyvern zombie (D:10)
  2 wyvern skeletons (D:11)
  5 killer bees
  A scorpion (D:14)
  3 wights (D:9)
  6 crimson imps
  2 electric eels (D:13)
  2 centaur zombies
  4 hounds
  A quasit (D:9)
  3 jellies
  4 draconian simulacra (IceCv)
  28 orc priests
  3 human zombies (Ossuary)
  36 orc wizards
  A wasp zombie (D:13)
  12 iguanas
  2 giant frog skeletons
  Jessica (D:3)
  10 worker ants
  Terence (D:3)
  Natasha (twice) (D:3)
  21 sheep
  7 troll simulacra (IceCv)
  A wolf simulacrum (IceCv)
  A polar bear simulacrum (IceCv)
  2 big kobold zombies (Ossuary)
  3 centaur simulacra (IceCv)
  2 hound skeletons
  4 mummies (Ossuary)
  2 worker ant zombies
  7 gnolls
  2 naga simulacra (IceCv)
  4 ogre simulacra (IceCv)
  50 river rats
  A shadow imp (D:13)
  12 white imps (IceCv)
  21 adders
  An adder zombie (D:4)
  A worm (D:2)
  7 giant geckos
  126 orcs
  9 bats
  7 giant cockroaches
  15 goblins
  25 hobgoblins
  4 jackals
  6 quokkas
  2 ball pythons
  2 giant newts
  A goblin zombie (Ossuary)
  A jackal skeleton (D:4)
  A jackal zombie (Ossuary)
  32 kobolds
  A kobold zombie (Ossuary)
  3 orc zombies (Ossuary)
  A quokka skeleton (D:4)
  A quokka zombie (D:5)
  8 rats
  A rat zombie (Ossuary)
1027 creatures vanquished.

Vanquished Creatures (collateral kills)
  Rupert (Lair:7)
  Snorg (Lair:8)
  An ettin (D:15)
  Josephine (D:15)
  A hydra (Swamp:4)
  6 death yaks
  An alligator (Swamp:2)
  2 orc high priests (Orc:4)
  A tengu warrior (D:15)
  6 spriggans (Swamp:3)
  A hill giant (D:11)
  Pikel (D:8)
  An orc sorcerer (Orc:4)
  3 orc knights
  An ugly thing (D:15)
  4 elephants (Lair:5)
  4 spiny frogs
  A bog body (Swamp:2)
  A giant leech (Lair:8)
  5 blink frogs
  A slime creature (Swamp:2)
  2 wraiths (D:15)
  A human (D:13)
  A wyvern (D:9)
  A deep elf mage (D:9)
  3 water elementals (D:13)
  2 yaks (Lair:6)
  2 swamp worms
  9 vampire mosquitoes
  4 insubstantial wisps
  A water moccasin (Lair:7)
  A porcupine (Lair:7)
  7 wasps (Swamp:3)
  28 orc warriors
  5 ogres
  4 giant frogs
  A killer bee (D:13)
  12 wights
  3 electric eels
  A hound (D:11)
  A jelly (D:11)
  8 orc priests
  2 iguanas (Lair:5)
  13 orc wizards
  A worker ant (D:13)
  11 sheep
  11 gnolls (Bailey)
  10 river rats
  An adder (D:7)
  An adder zombie (D:6)
  59 orcs
  6 hobgoblins
  A giant gecko (D:11)
  3 kobolds (D:9)
  3 plants
263 creatures vanquished.

Vanquished Creatures (others)
  9 dancing weapons
  5 sheep (Lair:2)
  2 orcs
  A fire vortex (Volcano)
  24 fungi
  4 plants
45 creatures vanquished.

Grand Total: 1335 creatures vanquished

Notes
Turn   | Place    | Note
--------------------------------------------------------------
     0 | D:1      | dvd the Vampire Enchanter began the quest for the Orb.
     0 | D:1      | Reached XP level 1. HP: 13/13 MP: 3/3
   136 | D:1      | Reached XP level 2. HP: 19/19 MP: 1/5
   207 | D:1      | Learned a level 2 spell: Ensorcelled Hibernation
   921 | D:1      | Reached XP level 3. HP: 22/24 MP: 0/6
   981 | D:1      | Learned a level 3 spell: Confuse
  1034 | D:1      | Reached skill level 5 in Hexes
  1223 | D:2      | Reached skill level 5 in Stealth
  1770 | D:2      | Reached XP level 4. HP: 25/30 MP: 4/7
  1848 | D:2      | Noticed Sigmund
  1877 | D:2      | Killed Sigmund
  1877 | D:2      | Reached skill level 6 in Stealth
  1877 | D:2      | Reached XP level 5. HP: 19/35 MP: 3/9
  2578 | D:3      | Noticed Jessica
  2614 | D:3      | Reached XP level 6. HP: 42/42 MP: 2/11
  3026 | D:3      | Noticed Grinder
  3035 | D:3      | Killed Grinder
  3035 | D:3      | Reached skill level 7 in Stealth
  3035 | D:3      | Reached skill level 1 in Ice Magic
  3079 | D:3      | Noticed Terence
  3081 | D:3      | Killed Terence
  3081 | D:3      | Reached XP level 7. HP: 47/47 MP: 12/12
  3101 | D:3      | Found a basalt altar of Yredelemnul.
  3253 | D:3      | Noticed Natasha
  3261 | D:3      | Killed Natasha
  3394 | D:3      | Reached skill level 1 in Fighting
  3424 | D:3      | Learned a level 3 spell: Tukima's Dance
  3447 | D:3      | Reached skill level 8 in Stealth
  3484 | D:3      | Noticed an angel
  3485 | D:3      | Found a glowing silver altar of Zin.
  3486 | D:3      | Found a shimmering altar of Xom.
  3626 | D:3      | Killed Jessica
  3651 | D:3      | Noticed Natasha
  3655 | D:3      | Killed Natasha
  4108 | D:4      | Reached XP level 8. HP: 54/54 MP: 15/15
  4303 | D:4      | Found a staircase to the Ecumenical Temple.
  4312 | Temple   | Entered the Ecumenical Temple
  4381 | Temple   | Became a worshipper of Dithmenos the Shadowed
  4665 | D:4      | Found a bloodstained altar of Trog.
  4668 | D:4      | Found a radiant altar of Vehumet.
  4668 | D:4      | Found a blossoming altar of Fedhas.
  4750 | D:5      | Entered Level 5 of the Dungeon
  4810 | D:5      | You fall through a shaft for 2 floors!
  4894 | D:7      | Reached skill level 5 in Spellcasting
  4894 | D:7      | Reached skill level 9 in Hexes
  5178 | D:6      | Noticed dorian's ghost (novice OpCj)
  5195 | D:6      | Killed dorian's ghost
  5349 | D:5      | Reached skill level 10 in Stealth
  5411 | D:5      | Noticed Prince Ribbit
  5432 | D:5      | Noticed Miyamura's ghost (novice DrCj)
  5433 | D:5      | Killed Prince Ribbit
  5433 | D:5      | Reached XP level 9. HP: 59/59 MP: 18/18
  5458 | D:5      | Killed Miyamura's ghost
  5458 | D:5      | Reached skill level 10 in Hexes
  5474 | D:5      | Reached * piety under Dithmenos
  6438 | D:6      | Reached skill level 11 in Stealth
  7124 | D:8      | Found a sand-covered staircase.
  7129 | Ossuary  | Entered an ossuary
  7393 | Ossuary  | Reached ** piety under Dithmenos
  7570 | D:8      | Noticed a cyclops
  7593 | D:8      | Killed a cyclops
  7672 | D:8      | Reached XP level 10. HP: 66/66 MP: 21/21
  8003 | D:8      | Noticed Pikel
  8032 | D:8      | Reached skill level 12 in Stealth
  8114 | D:8      | Killed Pikel
  8737 | D:9      | Reached *** piety under Dithmenos
  8827 | D:9      | Found a staircase to the Orcish Mines.
  8890 | D:9      | Reached skill level 13 in Hexes
  9434 | D:9      | Found a sparkling altar of Nemelex Xobeh.
  9630 | D:10     | Entered Level 10 of the Dungeon
  9784 | D:10     | Reached XP level 11. HP: 72/72 MP: 24/24
  9799 | D:10     | Found a staircase to the Lair.
  9846 | D:10     | Found a flagged portal.
  9869 | Bailey   | Entered a bailey
  9902 | Bailey   | Reached **** piety under Dithmenos
 10403 | D:10     | Gained mutation: You are resistant to hostile enchantments. [potion of beneficial mutation]
 10405 | D:10     | Gained mutation: You are somewhat resistant to further mutation. [potion of beneficial mutation]
 10424 | D:10     | Reached skill level 14 in Hexes
 11744 | D:11     | Reached skill level 5 in Dodging
 11761 | D:11     | Noticed a giant orange brain
 11771 | D:11     | Killed a giant orange brain
 11873 | D:11     | Noticed a hill giant
 11879 | D:11     | Killed a hill giant
 12098 | D:11     | Reached skill level 10 in Spellcasting
 12221 | D:11     | Reached ***** piety under Dithmenos
 12862 | D:12     | Reached skill level 15 in Hexes
 13565 | D:12     | Noticed Erolcha
 13580 | D:12     | Killed Erolcha
 13580 | D:12     | Reached XP level 12. HP: 55/81 MP: 23/26
 13699 | D:12     | Reached skill level 5 in Short Blades
 13996 | D:11     | Noticed a six-headed hydra
 14007 | D:11     | Killed a six-headed hydra
 14111 | Lair:1   | Entered Level 1 of the Lair of Beasts
 14209 | Lair:1   | Found a frozen archway.
 14227 | IceCv    | Entered an ice cave
 17124 | IceCv    | Gained mutation: You are partially covered in icy blue scales (AC +1). [potion of beneficial mutation]
 17523 | IceCv    | Found an ancient bone altar of Kikubaaqudgha.
 17649 | IceCv    | Reached skill level 16 in Hexes
 18464 | Lair:1   | Noticed an eight-headed hydra
 18470 | Lair:1   | Killed an eight-headed hydra
 18627 | Lair:1   | Got a sapphire blowgun
 18628 | Lair:1   | Identified the +10 blowgun of the Exiled Wishes {speed, rElec rF+} (You found it on level 1 of the Lair of Beasts)
 18630 | Lair:1   | Identified a scroll of acquirement
 19147 | Lair:2   | Noticed a four-headed hydra
 19149 | Lair:2   | Killed a four-headed hydra
 19155 | Lair:2   | Reached XP level 13. HP: 90/90 MP: 28/28
 19183 | Lair:2   | Learned a level 5 spell: Summon Mana Viper
 19206 | Lair:2   | Reached skill level 15 in Stealth
 19224 | Lair:2   | Found a shimmering altar of Xom.
 19377 | Lair:2   | Got a slimy flail
 19486 | Lair:2   | Found a stormy altar of Qazlal.
 20078 | Lair:3   | Identified the cursed +1 flail of the Foot {speed, Int+7} (You found it on level 2 of the Lair of Beasts)
 20229 | Lair:3   | Learned a level 4 spell: Animate Dead
 20366 | Lair:3   | Reached skill level 1 in Necromancy
 20389 | Lair:3   | Got a faintly humming robe
 20390 | Lair:3   | Identified the +1 robe of Qishrili {MR+ rCorr} (You found it on level 3 of the Lair of Beasts)
 20417 | Lair:3   | Reached skill level 1 in Summonings
 20417 | Lair:3   | Reached skill level 5 in Ice Magic
 20740 | Lair:4   | Found a dark tunnel.
 20753 | Volcano  | Entered a volcano
 21287 | Lair:4   | Learned a level 3 spell: Call Canine Familiar
 21292 | Lair:4   | Learned a level 4 spell: Summon Ice Beast
 21584 | Lair:4   | Noticed Urug
 21592 | Lair:4   | Killed Urug
 22043 | Lair:5   | Found a hole to the Spider Nest.
 22549 | Lair:5   | Found a staircase to the Swamp.
 22549 | Lair:5   | Reached skill level 17 in Hexes
 22726 | Lair:5   | Reached skill level 5 in Fighting
 22923 | Lair:5   | Got a faintly glowing leather armour
 22934 | Lair:5   | Identified the +4 leather armour "Nyasuen" {Str+4} (You found it on level 5 of the Lair of Beasts)
 23369 | Lair:6   | Learned a level 4 spell: Cause Fear
 23377 | Lair:6   | Found a shimmering altar of Xom.
 23844 | Lair:6   | Reached XP level 14. HP: 87/98 MP: 12/30
 24232 | Lair:7   | Noticed Rupert
 24244 | Lair:7   | Killed Rupert
 24409 | Lair:7   | Found a viscous altar of Jiyva.
 24413 | Lair:7   | Found a staircase to the Slime Pits.
 25555 | Lair:8   | Entered Level 8 of the Lair of Beasts
 25628 | Lair:8   | Reached ****** piety under Dithmenos
 26351 | Lair:8   | Noticed Snorg
 26366 | Lair:8   | Killed Snorg
 27353 | Lair:8   | Upgraded the game from 0.17.0-73-gb648821 to 0.17.1-1-g73c8601
 27796 | D:12     | Reached skill level 5 in Necromancy
 27841 | D:13     | Found a gate to the Vaults.
 27931 | D:13     | Found a flickering gateway to a bazaar.
 27937 | Bazaar   | Entered a bazaar
 27937 | Bazaar   | Found Rounemp's Armour Shoppe.
 27937 | Bazaar   | Found Zonlucko's Gadget Emporium.
 27940 | Bazaar   | Found Kuagent's Gadget Emporium.
 27952 | Bazaar   | Found Sir Bol's Assorted Antiques.
 27956 | Bazaar   | Bought a +2 pair of gloves of strength for 258 gold pieces
 27982 | Bazaar   | Bought a +2 helmet of intelligence for 258 gold pieces
 28363 | D:13     | Gained mutation: Your flesh is heat resistant. [potion of mutation]
 28363 | D:13     | Gained mutation: You are partially covered in iridescent scales (AC +4). [potion of mutation]
 28810 | D:13     | Reached skill level 5 in Summonings
 29167 | D:13     | Learned a level 5 spell: Cigotuvi's Embrace
 29283 | D:13     | Found a sparkling altar of Nemelex Xobeh.
 29521 | D:13     | Learned a level 3 spell: Recall
 29952 | Orc:1    | Entered Level 1 of the Orcish Mines
 29960 | Orc:1    | Reached XP level 15. HP: 103/103 MP: 32/32
 30126 | Orc:1    | Found Siceqofep's General Store.
 30143 | Orc:1    | Bought the +2 robe of Eternal Vigilance {rElec Dex-5 Slay+6 SInv} for 610 gold pieces
 30603 | Orc:2    | Found a roughly hewn altar of Beogh.
 31561 | Orc:4    | Entered Level 4 of the Orcish Mines
 31561 | Orc:4    | Found a staircase to the Elven Halls.
 32414 | Orc:4    | Reached skill level 18 in Hexes
 32832 | Orc:4    | Found Nipicise's Antique Armour Shoppe.
 32833 | Orc:4    | Found Tidd's Antique Weapon Shoppe.
 32834 | Orc:4    | Found Riji's General Store.
 32834 | Orc:4    | Found Biabo's Book Emporium.
 34098 | D:14     | Noticed Nessos
 34106 | D:14     | Killed Nessos
 34125 | D:14     | Noticed Sonja
 34131 | D:14     | Killed Sonja
 34352 | D:14     | Found a glowing golden altar of the Shining One.
 34565 | D:15     | Entered Level 15 of the Dungeon
 34580 | D:15     | Found a staircase to the Depths.
 34804 | D:15     | Noticed Josephine
 34819 | D:15     | Killed Josephine
 34998 | D:15     | Reached skill level 10 in Ice Magic
 34998 | D:15     | Reached skill level 1 in Invocations
 35015 | D:15     | Found Loabasoi's Magic Scroll Shoppe.
 35145 | D:15     | Bought a scroll of enchant weapon for 105 gold pieces
 35145 | D:15     | Bought a scroll of enchant weapon for 105 gold pieces
 35747 | Swamp:1  | Entered Level 1 of the Swamp
 37650 | Swamp:1  | Identified Niufuc's Disquisition on Vitriolic Translocation (You found it on level 1 of the Swamp)
 37654 | Swamp:1  | Learned a level 2 spell: Cure Poison
 37657 | Swamp:1  | Learned a level 2 spell: Shroud of Golubria
 38547 | Swamp:2  | Reached XP level 16. HP: 109/109 MP: 33/33
 41160 | Swamp:4  | Entered Level 4 of the Swamp
 41502 | Swamp:4  | Noticed a tentacled monstrosity
 41508 | Swamp:4  | Killed a tentacled monstrosity
 41508 | Swamp:4  | Reached skill level 19 in Hexes
 41619 | Swamp:3  | HP: 3/110 [four-headed hydra (11)]
 41619 | Swamp:3  | Mangled by a four-headed hydra

Action                   |  1- 3 |  4- 6 |  7- 9 | 10-12 | 13-15 | 16-18 || total
-------------------------+-------+-------+-------+-------+-------+-------++-------
Melee: Dagger            |    78 |    49 |   168 |       |       |       ||   295
       Short sword       |       |       |    99 |   623 |  1104 |   139 ||  1965
       Flail             |       |       |       |       |     1 |       ||     1
 Cast: Corona            |     8 |     1 |       |       |       |       ||     9
       Ensorcelled Hiber |    25 |    35 |    55 |    94 |   314 |    31 ||   554
       Confuse           |       |     3 |    42 |   120 |    62 |    20 ||   247
       Tukima's Dance    |       |       |     6 |    68 |    95 |       ||   169
       Summon Mana Viper |       |       |       |       |    34 |     9 ||    43
       Animate Dead      |       |       |       |       |    69 |    10 ||    79
       Summon Ice Beast  |       |       |       |       |    19 |    11 ||    30
       Call Canine Famil |       |       |       |       |     5 |     2 ||     7
       Cause Fear        |       |       |       |       |     9 |     3 ||    12
       Cigotuvi's Embrac |       |       |       |       |    15 |       ||    15
       Recall            |       |       |       |       |     3 |       ||     3
       Shroud of Golubri |       |       |       |       |     2 |     5 ||     7
       Cure Poison       |       |       |       |       |       |     2 ||     2
Invok: Shadow Step       |       |       |       |     6 |    14 |     4 ||    24
       Shadow Form       |       |       |       |       |       |     1 ||     1
 Abil: End Transformatio |       |       |       |       |       |     1 ||     1
Evoke: Wand              |       |       |       |       |    26 |     1 ||    27
  Use: Potion            |     9 |    12 |    33 |    60 |   101 |     9 ||   224
       Scroll            |       |       |    14 |     8 |    31 |     4 ||    57
 Stab: Sleeping          |    23 |    28 |    73 |   123 |   386 |    40 ||   673
       Confused          |       |     3 |    31 |    67 |    42 |     9 ||   152
       Distracted        |       |       |     1 |     6 |    16 |     2 ||    25
